Map: Dusk Towers

Players

gotquail - Winner!

  • Race: Zerg Zerg
  • League: Platinum

LilDicky

  • Race: Terran Terran
  • League: Diamond

VOD

http://www.twitch.tv/tumescentpie

Description

Time

  • Played on: Nov. 23, 2015, 10:45 p.m.
  • Length: 13:38
Show
View Real Time Build Order
Export as new Build Order

gotquail Zerg - Winner!

Build Orders: Hatch First, Muta Ling Bane 

Get SALT Encoding   

  12  0:01  Drone  
  13  0:12  Overlord  
  13  0:17  Drone  
  14  0:30  Drone  
  14  0:31  Drone  
  14  0:34  Drone  
  17  0:53  Hatchery  
  16  0:57  Drone  
  16  1:03  Drone  
  18  1:22  Hatchery  
  17  1:28  Drone x2  
  19  1:53  Hatchery  
  18  2:02  Spawning Pool  
  18  2:07  Drone x2  
  19  2:15  Overlord  
  19  2:17  Drone  
  20  2:29  Drone, Extractor  
  21  2:30  Drone x3  
  21  2:34  Drone  
  24  2:40  Drone x2  
  26  2:49  Queen  
  28  2:54  Queen  
  30  3:00  Queen  
  30  3:04  Drone  
  30  3:05  Drone  
  34  3:07  Drone  
  34  3:10  Drone  
  36  3:16  Drone x2  
  36  3:17  Drone  
  39  3:24  Drone x3  
  42  3:33  Metabolic Boost  
  42  3:35  Drone x4  
  42  3:36  Drone  
  47  3:46  Overlord  
  47  3:47  Overlord  
  47  4:04  Queen  
  47  4:05  Drone x10  
  47  4:06  Drone x2  
  61  4:12  Lair  
  61  4:22  Extractor x2  
  59  4:34  Zergling x10  
  59  4:36  Overlord x4  
  64  4:40  Hatchery  
  63  4:51  Drone  
  63  4:52  Drone, Extractor  
  64  4:54  Drone x2  
  65  5:00  Spore Crawler x2  
  65  5:05  Spore Crawler  
  58  5:07  Spore Crawler  
  58  5:10  Zergling x18  
  58  5:11  Zergling x6  
  69  5:16  Spire  
  69  5:21  Baneling Nest  
  67  5:25  Queen  
  66  5:36  Drone x3  
  66  5:39  Drone x4  
  68  5:50  Zergling x14  
  75  6:01  Overlord x2  
  75  6:02  Zergling x8  
  75  6:03  Zergling x4  
  75  6:04  Centrifical Hooks  
  81  6:10  Evolution Chamber x2, Baneling x4  
  81  6:11  Baneling x8  
  79  6:23  Zergling x24  
  79  6:32  Queen  
  76  6:34  Zerg Flyer Weapons Level 1  
  76  6:35  Overlord x2  
  76  6:38  Zerg Melee Weapons Level 1  
  76  6:42  Zerg Ground Armor Level 1  
  76  6:43  Overseer  
  76  6:45  Pneumatized Carapace  
  76  6:53  Drone x5  
  81  6:56  Drone x2  
  81  6:57  Drone  
  81  6:58  Drone  
  85  7:01  Baneling x2  
  85  7:02  Baneling  
  85  7:05  Drone x3  
  85  7:06  Drone  
  89  7:16  Zergling x6  
  89  7:17  Zergling x12  
  93  7:30  Mutalisk x5  
  103  7:41  Extractor  
  103  7:42  Extractor x2  
  103  7:43  Extractor  
  99  7:44  Drone x10  
  99  7:48  Drone x4  
  99  7:49  Drone x4  
  117  7:57  Infestation Pit  
  107  8:29  Zergling x20  
  107  8:30  Zergling x18  
  107  8:32  Overlord x10  
  126  8:37  Zerg Melee Weapons Level 2  
  126  8:38  Zerg Ground Armor Level 2  
  114  8:56  Overseer  
  104  9:17  Hive, Spire  
  103  9:34  Queen  
  105  9:47  Zergling x2  
  105  9:48  Zergling x42  
  105  9:51  Baneling x11  
  105  9:52  Baneling x8  
  102  10:29  Mutalisk x4  
  102  10:30  Mutalisk x8  
  122  10:51  Adrenal Glands  
  122  10:54  Ultralisk Cavern  
  115  11:03  Zergling x34  
  115  11:04  Zergling x16  
  136  11:26  Hatchery, Baneling x9  
  130  11:35  Hatchery  
  121  11:46  Chitinous Plating  
  111  11:59  Zergling x6  
  111  12:00  Zergling x52  
  134  12:10  Overlord  
  134  12:32  Ultralisk x4  
  134  12:33  Ultralisk x2  
  156  12:50  Zergling x2  
  156  12:51  Zergling x28  
  167  12:59  Baneling x13  
Show
View Real Time Build Order
Export as new Build Order

LilDicky Terran 

Build Orders: Command Center First (CC), MMM Bio 

Get SALT Encoding   

  12  0:01  SCV  
  13  0:13  SCV  
  14  0:18  Supply Depot  
  14  0:25  SCV  
  15  0:39  SCV  
  16  0:51  SCV  
  17  1:00  Command Center  
  17  1:14  Barracks  
  17  1:18  SCV  
  18  1:30  SCV  
  19  1:42  SCV  
  20  1:54  SCV  
  21  2:04  Command Center  
  21  2:06  SCV  
  21  2:07  Supply Depot, Marine  
  23  2:18  Orbital Command  
  23  2:29  Orbital Command  
  23  2:33  Marine  
  24  2:46  SCV  
  25  2:51  Marine  
  25  2:58  Command Center, SCV  
  27  3:01  SCV  
  28  3:09  Marine  
  28  3:10  SCV  
  30  3:23  Orbital Command  
  30  3:26  SCV, Barracks  
  32  3:27  SCV  
  32  3:28  Barracks  
  32  3:29  Marine  
  33  3:38  SCV  
  33  3:39  SCV  
  35  3:46  Marine  
  35  3:50  SCV x2  
  35  3:51  Barracks  
  35  3:52  Barracks  
  35  3:53  SCV  
  38  4:02  SCV  
  38  4:03  SCV  
  38  4:04  Marine  
  41  4:18  Marine x2  
  41  4:21  Barracks  
  41  4:22  Marine  
  44  4:24  Barracks  
  44  4:27  SCV  
  44  4:28  Refinery x2  
  44  4:30  SCV  
  44  4:31  SCV  
  47  4:34  Refinery x2  
  47  4:36  Marine x2  
  47  4:37  Supply Depot  
  49  4:39  SCV  
  49  4:40  Marine  
  49  4:43  Marine x2  
  49  4:45  SCV  
  54  4:50  SCV  
  54  4:51  Orbital Command  
  56  4:54  Marine x2  
  56  4:58  Marine  
  58  5:01  Marine x2  
  58  5:06  Orbital Command  
  57  5:08  SCV x2  
  57  5:09  Marine  
  57  5:11  Marine  
  57  5:12  Marine  
  62  5:15  Marine  
  61  5:28  Marine x3  
  62  5:32  Barracks x2  
  62  5:33  Barracks Tech Lab x2, Marine  
  62  5:34  SCV x3  
  62  5:35  SCV  
  68  5:46  SCV x3, Marine x2  
  68  5:48  Barracks Reactor  
  72  5:51  SCV, Barracks Reactor, Marine  
  72  5:54  Factory  
  72  5:55  Engineering Bay  
  72  5:56  Combat Shields  
  74  5:57  Stimpack, Engineering Bay, Marine  
  74  5:59  Marine  
  74  6:01  SCV  
  74  6:02  SCV  
  74  6:03  SCV  
  79  6:06  SCV  
  79  6:09  Barracks Reactor, Marine  
  79  6:10  Barracks Reactor  
  81  6:14  SCV  
  81  6:15  Marine  
  81  6:17  Marine  
  84  6:22  Marine x2  
  77  6:27  Terran Infantry Weapons Level 1, Terran Infantry Armor Level 1, Marine  
  77  6:30  Marine  
  77  6:31  Marine x3  
  74  6:33  Marine  
  74  6:35  Marine  
  74  6:39  Factory Reactor, Barracks  
  76  6:40  Marine x2  
  76  6:41  Starport, Barracks  
  76  6:42  Barracks  
  76  6:44  Marine  
  79  6:48  SCV x2, Marine x2  
  79  6:49  Marine  
  84  6:55  Supply Depot  
  84  6:56  Supply Depot  
  84  6:59  Refinery  
  84  7:01  Refinery  
  84  7:10  Supply Depot x2  
  84  7:17  SCV, Marine x7  
  84  7:18  SCV x2, Marine x6  
  84  7:22  Supply Depot  
  89  7:26  Widow Mine, Medivac x2  
  89  7:29  Barracks Reactor x2  
  91  7:30  Barracks Tech Lab  
  91  7:34  Marine x2  
  91  7:35  Marine, Marauder  
  91  7:36  Marauder  
  98  7:38  Armory  
  98  7:40  Missile Turret  
  98  7:41  Supply Depot  
  98  7:42  Missile Turret  
  98  7:43  Supply Depot  
  98  7:44  Missile Turret  
  98  7:46  Missile Turret  
  98  7:47  SCV x2  
  98  7:50  Marine x2  
  102  7:54  Missile Turret x2  
  102  7:56  Marauder, Medivac  
  102  7:57  Marauder, Marine  
  109  8:10  Supply Depot  
  109  8:12  Marine x4  
  112  8:13  Marauder, Missile Turret, Marine  
  112  8:18  Marauder  
  112  8:19  Marauder  
  114  8:21  Marine  
  114  8:22  Marine x2  
  114  8:23  Marine x2  
  107  8:29  Orbital Command, Marine x2  
  107  8:31  Medivac x2  
  107  8:32  Marine x2  
  107  8:33  Marine x3  
  114  8:35  Marauder  
  114  8:39  Marauder  
  114  8:40  Missile Turret, Marauder  
  116  8:41  Missile Turret  
  116  8:42  Missile Turret  
  116  8:45  Missile Turret, Marine x2  
  116  8:51  Orbital Command  
  116  8:55  Marine x4  
  119  8:56  Marauder  
  119  9:01  Marine x4, Marauder x2  
  119  9:02  Marine x2  
  125  9:09  Missile Turret  
  118  9:14  Missile Turret x2  
  116  9:17  Missile Turret  
  116  9:18  Marine x2  
  116  9:19  SCV  
  116  9:20  Marine  
  124  9:24  Marine x2  
  124  9:25  Medivac, Orbital Command  
  124  9:28  Terran Infantry Weapons Level 2, Terran Infantry Armor Level 2  
  124  9:30  SCV  
  125  9:31  SCV  
  125  9:32  Orbital Command  
  125  9:34  Marine x3  
  125  9:35  Marine  
  125  9:38  Marine x2  
  130  9:42  Marine x2  
  132  10:14  Supply Depot  
  132  10:17  Marine x5  
  132  10:18  Marauder, Widow Mine, Marine x9  
  132  10:19  Marauder  
  95  10:30  Marine x2  
  95  10:35  Marine x3  
  89  10:36  Marine  
  89  10:37  Marine x7  
  89  10:38  Marine  
  89  10:39  Marauder  
  89  10:40  Marauder, Marine x2  
  105  10:46  Widow Mine  
  105  10:48  Marine  
  105  10:49  Marauder  
  110  10:53  Marine  
  97  11:01  Marauder  
  97  11:02  Marine x3  
  97  11:03  Marine x5  
  105  11:15  Marine x2  
  105  11:16  Marine x2  
  105  11:17  Medivac x2  
  113  11:22  Marine x3  
  113  11:23  Marine x2  
  113  11:24  Marauder x3  
  124  11:31  Marine x2  
  109  11:45  Marauder  
  91  11:48  Marine x4  
  91  11:49  Marauder  
  90  11:59  Marine x2  
  90  12:00  Marine x8  
  90  12:01  Marauder  
  102  12:06  Marine, Marauder  
  102  12:07  Marine x4  
  109  12:09  SCV  
  109  12:10  SCV x2, Marauder  
  114  12:17  Marine x2  
  114  12:18  Marine  
  114  12:20  Marine x3  
  114  12:22  Marauder  
  122  12:28  Marauder  
  124  12:32  Marauder  
  124  12:35  Marine x2  
  101  12:43  Marauder, Marine x10  
  101  12:44  Marine x3  
  91  12:49  Marauder  
  81  12:53  SCV, Marine x3  
  81  12:57  Medivac x2  
  88  13:01  Marine x13  
  88  13:05  Marauder  
  103  13:09  SCV  
  103  13:10  Marauder  
  103  13:11  Marauder, Marine x2  
  110  13:18  Marine  
  110  13:19  Marine  
Tags
 
Add a new tag
Caveats
  • Supply blocks, unpowered buildings, or Contaminate may cause inaccurate times.
  • Supply counts are checked every 10 seconds.